 Dungeon Crawl Stone Soup version 0.22.1-2-g9c5b331 (webtiles) character file.

1330 Goblin1989 the Slicer (level 8, -3/52 HPs)
             Began as an Octopode Assassin on Dec 13, 2018.
             Was a Follower of Uskayaw.
             Slain by a sky beast (6 damage)
             ... on level 5 of the Dungeon.
             The game lasted 00:20:51 (7131 turns).

Goblin1989 the Slicer (Octopode Assassin)           Turns: 7131, Time: 00:20:52

Health: -3/52      AC:  1    Str: 11    XL:     8   Next: 60%
Magic:  15/17      EV: 16    Int: 13    God:    Uskayaw [*.....]
Gold:   320        SH:  0    Dex: 15    Spells: 7/7 levels left

rFire    . . .     SeeInvis .   a - +3 dagger
rCold    . . .     Gourm    .   (no shield)
rNeg     . . .     Faith    .   (helmet restricted)
rPois    .         Spirit   .   M - amulet of the acrobat
rElec    .         Reflect  .   B - ring of magical power
rCorr    .         Harm     .   Z - +1 ring of evasion
MR       .....                  (no ring)
Stlth    +++++.....             (no ring)
HPRegen  0.17/turn              (no ring)
MPRegen  0.15/turn              (no ring)
                                (no ring)
                                (no ring)

@: no status effects
A: almost no armour, stealthy swim, amphibious, 8 rings, constrict 8, camouflage
1, gelatinous body 1
a: Stomp, Renounce Religion


You were on level 5 of the Dungeon.
You worshipped Uskayaw.
Uskayaw was noncommittal.
You were very hungry.

You visited 1 branch of the dungeon, and saw 5 of its levels.
You also visited: Ossuary.

You collected 320 gold pieces.

Inventory:

Hand Weapons
 a - a +3 dagger (weapon)
 b - a +0 dagger of holy wrath
 w - a +0 blowgun {@w1}
 y - a +0 hunting sling
 V - the +1 hunting sling of Qoobirat {freeze, *Drain rN+ Dex+6 SInv}
   (You took it off an orc priest on level 4 of the Dungeon)

   It causes projectiles fired from it to freeze those they strike, causing
   extra injury to most foes and up to half again as much damage against
   particularly susceptible opponents.
   They can also slow down cold-blooded creatures.
   It affects your dexterity (+6).
   It protects you from negative energy.
   It lets you see invisible.
   It causes draining when unequipped.
 Y - a +2 falchion of electrocution
Missiles
 c - 64 poisoned needles
 d - 2 curare-tipped needles
 x - 270 stones (quivered) {@Q3}
 N - 43 bolts
 P - 32 arrows
 Q - 97 sling bullets
Jewellery
 B - a ring of magical power (left tentacle)
 M - an amulet of the acrobat (around mantle)
 Z - a +1 ring of evasion (right tentacle)
Wands
 K - a wand of iceblast (8) {@v4}
 X - a wand of scattershot (8) {@v5}
Scrolls
 A - 3 scrolls of immolation
 H - 2 scrolls of amnesia {unknown}
 O - 2 scrolls of remove curse {@r3}
 R - 6 scrolls of identify {@r1}
 T - 3 scrolls of teleportation {!r, @r2}
 U - a scroll of magic mapping {unknown}
Potions
 C - a potion of might {unknown}
 D - 2 potions of cancellation {unknown}
 E - a potion of mutation {!q}
 F - 2 potions of agility {unknown}
 G - a potion of heal wounds {@q2}
 I - 3 potions of curing {@q1}
 J - a potion of invisibility {unknown}
 L - 3 potions of berserk rage {unknown}
 S - 2 potions of magic {unknown}
 W - 2 potions of flight {unknown}
Comestibles
 e - 7 rations


   Skills:
 + Level 3.4 Fighting
 - Level 8.1 Short Blades
 - Level 2.0 Throwing
 - Level 4.0 Dodging
 - Level 8.0 Stealth


You had 7 spell levels left.
You didn't know any spells.
Your spell library was empty.

Dungeon Overview and Level Annotations

Branches:
Dungeon (5/15)             Temple (0/1) D:5

Altars:
Elyvilon
Makhleb
Okawaru
Uskayaw
Vehumet
Zin
The Shining One

Annotations:
D:3 1 runed door


Innate Abilities, Weirdness & Mutations

You cannot wear most types of armour.
You are very stealthy in the water. (Stealth+)
You are amphibious.
You can wear up to eight rings at the same time.
You can use your tentacles to constrict eight enemies at once.
Your skin changes colour to match your surroundings (Stealth+).
Your rubbery body absorbs attacks. (AC +1, EV +1)


Message History

The hornet zombie misses you.
You hit the hornet zombie.
The hornet zombie is almost destroyed.
You constrict the hornet zombie. The hornet zombie hits you.
* * * LOW HITPOINT WARNING * * *
You take 3 damage, and have 14/51 hp.
You barely miss the hornet zombie.
The hornet zombie is almost destroyed.
You constrict the hornet zombie. The hornet zombie closely misses you.
Uskayaw will force your foes to helplessly watch your dance.
Uskayaw prepares the audience for your solo!
The helpless hornet zombie fails to defend itself.
You stick the hornet zombie like a pincushion!!!
You destroy the hornet zombie!
Your Fighting skill increases to level 3!
Unknown command.
You can no longer pass through a line of other dancers.
You start resting.
All of the chunks of flesh in your inventory have rotted away.
You are feeling hungry.
You regained 27 hp, and now have 44/52 hp.
You start resting.
HP restored.
Health restored: 52 Key pressed, stopping explore.
You open the door.
Found a staircase to the Ecumenical Temple.
Unknown command.
There is an open door here.
Key pressed, stopping explore.
There is an open door here.
A sky beast comes into view.
You hit the sky beast but do no damage. The sky beast hits you.
The sky beast shocks you.
You take 7 damage, and have 45/52 hp.
You hit the sky beast.
The sky beast is lightly wounded.
You hit the sky beast. Your squeeze misses the sky beast.
The sky beast is lightly wounded.
The sky beast hits you but does no damage.
You closely miss the sky beast.
The sky beast is lightly wounded.
You hit the sky beast. Your squeeze misses the sky beast.
The sky beast is moderately wounded.
The sky beast hits you. The sky beast shocks you.
You take 7 damage, and have 39/52 hp.
You closely miss the sky beast.
The sky beast is moderately wounded.
The sky beast hits you but does no damage.
You hit the sky beast. Your squeeze misses the sky beast.
The sky beast is moderately wounded.
You hit the sky beast.
The sky beast is moderately wounded.
The sky beast hits you. The sky beast shocks you.
You take 7 damage, and have 32/52 hp.
You closely miss the sky beast.
The sky beast is moderately wounded.
You hit the sky beast.
You squeeze the sky beast, but do no damage.
The sky beast is moderately wounded.
The sky beast misses you.
You hit the sky beast but do no damage. You squeeze the sky beast.
The sky beast is heavily wounded.
The sky beast hits you. The sky beast shocks you.
You can now pass through a line of other dancers.
You take 8 damage, and have 24/52 hp.
You are too injured to fight recklessly!
You are too injured to fight recklessly!
You are too injured to fight recklessly!
You are too injured to fight recklessly!
You hit the sky beast but do no damage.
The sky beast is heavily wounded.
You miss the sky beast.
The sky beast is heavily wounded.
The sky beast flickers out of sight!
Deactivating autopickup; reactivate with Ctrl-A.
Something hits you.
* * * LOW HITPOINT WARNING * * *
Something shocks you.
* * * LOW HITPOINT WARNING * * *
You take 8 damage, and have 17/52 hp.
You stomp with the beat, sending a shockwave through the revelers around you!
You are feeling very hungry.
You can no longer pass through a line of other dancers.
Something hits you.
* * * LOW HITPOINT WARNING * * *
Something shocks you.
* * * LOW HITPOINT WARNING * * *
You take 11 damage, and have 6/52 hp.
MASSIVE DAMAGE!!
You now have 14/17 mp.
Unknown command.
A sky beast appears from thin air!
Reactivating autopickup.
You hit the sky beast.
The sky beast is severely wounded.
You barely miss the sky beast. Your squeeze misses the sky beast.
The sky beast is severely wounded.
The sky beast hits you.
* * * LOW HITPOINT WARNING * * *
The sky beast shocks you.
You die...

..███..███ █.....$█ ..█.....Ψ█
████......█ ..███⌂█Ψ██
$.......███ ..████████ ████....█
███......█ ███..█████ █......█
██.....█ █......█ █§....█
█.....)███ ██████.....█
███........███..@Y.█....█████████
.............∆.(.................
████████...███....)█..██.████████
█████.......██.██∆█████
█.......██.█......█
█...██████........█ █...█
██.......█ █████...█ █.█.█████
█.......█ █.█.█


You could see a sky beast.

Vanquished Creatures
  Sigmund (D:5)
  A hornet zombie (D:5)
  A necrophage (D:5)
  2 ogres
  A crimson imp (D:5)
  2 orc priests
  A jelly (D:5)
  2 orc wizards
  2 iguanas (D:4)
  5 worker ants
  12 mummies (Ossuary)
  Robin (D:4)
  7 gnolls (D:3)
  8 adders
  2 oozes
  2 adder skeletons (D:4)
  2 worms (D:3)
  3 dart slugs (D:4)
  4 leopard geckos
  13 orcs
  4 bats
  5 giant cockroaches
  20 goblins
  7 hobgoblins
  10 jackals
  2 quokkas
  A ball python (D:3)
  4 frilled lizards
  2 goblin skeletons (Ossuary)
  10 kobolds
  3 kobold skeletons (Ossuary)
  3 orc skeletons (Ossuary)
  6 rats
  11 rat skeletons (Ossuary)
160 creatures vanquished.

Notes
Turn   | Place    | Note
-------+----------+-------------------------------------------
     0 | D:1      | Goblin1989 the Octopode Assassin began the quest for the
                  | Orb.
     0 | D:1      | Reached XP level 1. HP: 14/14 MP: 1/1
   110 | D:1      | Reached XP level 2. HP: 14/19 MP: 2/2
   465 | D:1      | Reached XP level 3. HP: 24/24 MP: 3/3
  1428 | D:2      | Found a white marble altar of Elyvilon.
  1436 | D:2      | Reached XP level 4. HP: 29/29 MP: 4/4
  1477 | D:2      | Found a hide-covered altar of Uskayaw.
  1480 | D:2      | Became a worshipper of Uskayaw the Reveler
  1696 | D:2      | Found a radiant altar of Vehumet.
  1847 | D:3      | Reached * piety under Uskayaw
  2345 | D:3      | Reached ** piety under Uskayaw
  2485 | D:3      | Reached XP level 5. HP: 29/34 MP: 5/5
  2605 | D:3      | Found a runed door.
  2653 | D:3      | Reached *** piety under Uskayaw
  3353 | D:4      | Reached XP level 6. HP: 39/39 MP: 6/6
  3444 | D:4      | HP: 1/39 [iguana (1)]
  4259 | D:4      | Reached XP level 7. HP: 36/45 MP: 7/7
  4623 | D:4      | Noticed Robin
  4690 | D:4      | Killed Robin
  4875 | D:4      | Reached skill level 5 in Short Blades
  5172 | D:4      | Found a glowing silver altar of Zin.
  5215 | D:4      | Got a crude hunting sling
  5221 | D:4      | Identified the cursed +1 hunting sling of Qoobirat {freeze,
                  | *Drain rN+ Dex+6 SInv} (You took it off an orc priest on
                  | level 4 of the Dungeon)
  5715 | D:5      | Entered Level 5 of the Dungeon
  5790 | D:5      | Found a sand-covered staircase.
  5819 | Ossuary  | Entered an ossuary
  6352 | Ossuary  | Reached XP level 8. HP: 50/50 MP: 8/8
  6495 | D:5      | Noticed Sigmund
  6502 | D:5      | Killed Sigmund
  6725 | D:5      | Found a burning altar of Makhleb.
  6725 | D:5      | Found a glowing golden altar of the Shining One.
  6726 | D:5      | Found an iron altar of Okawaru.
  7043 | D:5      | Found a staircase to the Ecumenical Temple.
  7131 | D:5      | Slain by a sky beast

Skill      XL: |  1  2  3  4  5  6  7  8 |
---------------+-------------------------+-----
Stealth        | 6 7 8 |  8.0
Dodging        | 2 4 |  4.0
Short Blades   | 4 6 8 |  8.1
Fighting       | 3 |  3.4
Throwing       | |  2.0

Action                   |  1- 3 |  4- 6 |  7- 9 || total
-------------------------+-------+-------+-------++-------
Melee: Dagger            |    59 |   108 |   213 ||   380
       Tentacles         |    11 |    24 |    49 ||    84
       Constrict         |    12 |    22 |    39 ||    73
 Fire: Blowgun           |     7 |     9 |       ||    16
       Hunting sling     |       |       |     1 ||     1
Throw: Stone             |       |       |     2 ||     2
Invok: Stomp             |       |       |     1 ||     1
  Use: Potion            |     2 |     1 |       ||     3
       Scroll            |       |       |     7 ||     7
 Stab: Sleeping          |    15 |    15 |    18 ||    48
       Paralysed         |       |     3 |     3 ||     6
  Eat: Chunk             |     2 |     7 |     6 ||    15
       Ration            |       |       |     1 ||     1
Armor: Skin              |     4 |       |     7 ||    11
Dodge: Dodged            |    31 |    55 |    83 ||   169

Vault maps used:
D:1:      dpeg_arrival_leaves_temple_mockup
D:2:      nicolae_overflow_crystal_walls, lemuel_crystal_altar,
          lemuel_doored_altar
D:3:      first_ration, uniq_crazy_yiuf_cottage
D:4:      zin_academy, uniq_robin
D:5:      minitemple, minmay_temple_entry_enclosed_plants,
          nicolae_ossuary_entry_monument, uniq_sigmund
Ossuary:  ossuary_due_small_catacomb
